 Dungeon Crawl Stone Soup version 0.22-a0-284-g99d1f74 (webtiles) character file.

5817 GizzardofKazz the Fencer (level 10, -2/114 (115) HPs)
             Began as a Minotaur Berserker on Mar 22, 2018.
             Was a High Priest of Trog.
             Killed from afar by an electric eel (10 damage)
             ... with a bolt of electricity
             ... on level 8 of the Dungeon.
             The game lasted 00:23:34 (8560 turns).

GizzardofKazz the Fencer (Minotaur Berserker)       Turns: 8560, Time: 00:23:34

HP:   -2/114 (115)  AC: 13    Str: 30    XL:     10   Next: 51%
MP:   9/9           EV:  8    Int: -1    God:    Trog [*****.]
Gold: 271           SH:  0    Dex: 13    Spells: 9/9 levels left

rFire    + + .     SeeInvis .   a - +0 falchion
rCold    . . .     Gourm    .   (no shield)
rNeg     + . .     Faith    .   k - +1 plate armour of a sewer {rF++ Int-5} (curse)
rPois    .         Spirit   .   (helmet restricted)
rElec    .         Reflect  .   (no cloak)
rCorr    .         Harm     .   D - +0 pair of gloves
MR       .....                  (no boots)
Stlth    ..........             (no amulet)
HPRegen  0.29/turn              w - +3 ring of strength
MPRegen  0.11/turn              d - ring of positive energy

@: berserking, slowed, lost intelligence, very slow
A: retaliatory headbutt, horns 2
a: Berserk, Trog's Hand, Brothers in Arms, Renounce Religion


You were on level 8 of the Dungeon.
You worshipped Trog.
Trog was extremely pleased with you.
You were very hungry.

You visited 1 branch of the dungeon, and saw 8 of its levels.

You collected 336 gold pieces.
You spent 65 gold pieces at shops.

Inventory:

Hand Weapons
 a - a +0 falchion (weapon)
Armour
 k - the cursed +1 plate armour of a sewer (worn) {rF++ Int-5}
   (You took it off an orc on level 8 of the Dungeon)

   It affects your intelligence (-5).
   It greatly protects you from fire.
   It has a curse placed upon it.
 y - a +0 plate armour
 D - a +0 pair of gloves (worn)
Jewellery
 d - a ring of positive energy (right hand)
 w - a +3 ring of strength (left hand)
Wands
 B - a wand of digging (13)
Scrolls
 b - a scroll of noise {unknown}
 i - 2 scrolls of teleportation
 m - a scroll of magic mapping
 o - 2 scrolls of enchant armour
 q - 4 scrolls of remove curse
 r - 2 scrolls of identify
 s - a scroll of blinking {unknown}
 z - a scroll of brand weapon {unknown}
 A - a scroll of enchant weapon {unknown}
 C - a scroll of immolation {unknown}
Potions
 e - a potion of magic {unknown}
 f - a potion of might {unknown}
 g - 4 potions of curing
 h - 2 potions of resistance
 l - a potion of degeneration {unknown}
 n - 2 potions of invisibility
 p - a potion of heal wounds {unknown}
 t - a potion of haste {unknown}
 u - 2 potions of agility
 v - a potion of ambrosia {unknown}
 x - a potion of mutation {unknown}
 E - a potion of berserk rage {unknown}
Comestibles
 c - 12 rations


   Skills:
 - Level 3.6 Fighting
 + Level 17.6 Long Blades
 - Level 2.4 Armour
 - Level 2.1 Dodging


You had 9 spell levels left.
You didn't know any spells.

Dungeon Overview and Level Annotations

Branches:
Dungeon (8/15)             Temple (0/1) D:4
   Lair: D:8-11

Altars:
Cheibriados
Dithmenos
Hepliaklqana
Makhleb
Nemelex Xobeh
Wu Jian
Xom

Shops:
D:4 ?[*


Innate Abilities, Weirdness & Mutations

You reflexively headbutt those who attack you in melee.
You have a pair of horns on your head.


Message History

The electric eel shoots out a bolt of lightning at you!
The bolt of electricity hits you!
You are too injured to fight recklessly!
You hit the electric eel. Your headbutt misses the electric eel.
The electric eel is lightly wounded.
The electric eel shoots out a bolt of lightning at you!
The bolt of electricity hits you!
* * * LOW HITPOINT WARNING * * *
All of the chunks of flesh in your inventory have rotted away.
A red film seems to cover your vision as you go berserk!
You feel yourself moving faster!
You feel mighty!
You are feeling very hungry.
The electric eel shoots out a bolt of lightning at you!
The bolt of electricity misses you.
The electric eel shoots out a bolt of lightning at you!
The bolt of electricity hits you!
* * * LOW HITPOINT WARNING * * *
The electric eel shoots out a bolt of lightning at you!
The bolt of electricity hits you!
You die...

≈≈≈≈# ;≈≈## #≈≈≈###
###≈≈≈≈≈###
#############≈≈≈≈≈≈≈≈≈####
..[.........≈.≈≈≈≈≈≈≈≈≈≈≈#
..[[............≈≈≈≈≈≈≈≈.#
..)[............@;≈≈≈≈...#
..................≈......#
#######........#####.#.###
##### #.######....##...#
#.... #.# #.........###
#.### ####.# #.#.##.##.#
#.### #....# #.#.##.##.#
#.##. #.#### #.#.##.##.#
#.##. #.# #.#.##.##.#####
#.##.


You could see 2 electric eels.

Vanquished Creatures
  A two-headed ogre (D:8)
  An unseen horror (D:7)
  Pikel (D:8)
  Psyche (D:8)
  The ghost of GizzardofKazz the Carver, an amateur MiBe of Trog (D:5)
  Grinder (D:3)
  A hornet (D:8)
  Sigmund (D:3)
  A wyvern (D:8)
  Grum (D:8)
  The ghost of cranach the Cudgeler, an amateur DsGl (D:3)
  An orc warrior (D:5)
  An ice beast (D:6)
  2 sky beasts
  4 slaves (D:8)
  2 necrophages
  A phantom (D:3)
  An ogre (D:7)
  3 wolves (D:8)
  A centaur (D:5)
  5 bullfrogs
  A wyvern zombie (D:7)
  A scorpion (D:4)
  An electric eel (D:8)
  2 howler monkeys (D:7)
  4 crimson imps
  2 bullfrog zombies
  3 hounds
  4 jellies
  3 orc priests
  Crazy Yiuf (D:3)
  5 orc wizards
  A bullfrog skeleton (D:6)
  Ijyb (D:4)
  Natasha (D:2)
  6 worker ants
  2 hound skeletons
  A hound zombie (D:6)
  12 adders
  3 shadow imps
  3 oozes
  An adder zombie (D:5)
  4 worms
  An adder skeleton (D:4)
  A dart slug (D:1)
  5 leopard geckos
  31 orcs
  A ball python (D:1)
  5 bats
  7 giant cockroaches
  12 hobgoblins
  9 jackals
  5 quokkas
  5 frilled lizards
  9 goblins
  7 kobolds
  A quokka zombie (D:7)
  7 rats
200 creatures vanquished.

Notes
Turn   | Place    | Note
-------+----------+-------------------------------------------
     0 | D:1      | GizzardofKazz the Minotaur Berserker began the quest for the Orb.
     0 | D:1      | Reached XP level 1. HP: 19/19 MP: 0/0
    88 | D:1      | Reached skill level 4 in Long Blades
   149 | D:1      | Reached XP level 2. HP: 19/26 MP: 1/1
   260 | D:1      | Reached ** piety under Trog
   464 | D:1      | Reached skill level 5 in Long Blades
   587 | D:1      | Reached XP level 3. HP: 31/31 MP: 2/2
  1146 | D:2      | Noticed Natasha
  1155 | D:2      | Killed Natasha
  1155 | D:2      | Reached skill level 6 in Long Blades
  1155 | D:2      | Reached XP level 4. HP: 30/39 MP: 3/3
  1607 | D:3      | Noticed cranach's ghost (amateur DsGl)
  1613 | D:3      | Killed cranach's ghost
  1613 | D:3      | Reached skill level 7 in Long Blades
  1613 | D:3      | Reached XP level 5. HP: 45/45 MP: 4/4
  1745 | D:3      | Reached skill level 8 in Long Blades
  2086 | D:3      | Noticed Sigmund
  2086 | D:3      | Noticed a phantom
  2098 | D:3      | Killed a phantom
  2098 | D:3      | Reached XP level 6. HP: 32/51 MP: 5/5
  2102 | D:3      | Killed Sigmund
  2102 | D:3      | Reached skill level 9 in Long Blades
  2397 | D:3      | Found a runed door.
  2446 | D:3      | Reached XP level 7. HP: 54/57 MP: 6/6
  2661 | D:3      | Noticed Grinder
  2680 | D:3      | Killed Grinder
  2680 | D:3      | Reached skill level 10 in Long Blades
  2786 | D:3      | Reached *** piety under Trog
  2988 | D:3      | Noticed Crazy Yiuf
  2991 | D:3      | Killed Crazy Yiuf
  3040 | D:4      | Found Qoatir's Magic Scroll Shop.
  3054 | D:4      | Bought a scroll of remove curse for 39 gold pieces
  3054 | D:4      | Bought a scroll of identify for 26 gold pieces
  3068 | D:4      | Found Umuist's Antique Armour Emporium.
  3104 | D:4      | Reached skill level 11 in Long Blades
  3538 | D:4      | Found a hazy altar of Hepliaklqana.
  3556 | D:4      | Found a sparkling altar of Nemelex Xobeh.
  3599 | D:4      | Found Bamiur's Assorted Antiques.
  3600 | D:4      | Found a staircase to the Ecumenical Temple.
  3684 | D:4      | Noticed Ijyb
  3697 | D:4      | Killed Ijyb
  3697 | D:4      | Reached XP level 8. HP: 64/64 MP: 7/7
  3869 | D:5      | Entered Level 5 of the Dungeon
  3890 | D:5      | Found a snail-covered altar of Cheibriados.
  3904 | D:5      | Reached skill level 12 in Long Blades
  4565 | D:5      | Noticed GizzardofKazz's ghost (amateur MiBe)
  4580 | D:5      | Killed GizzardofKazz's ghost
  4580 | D:5      | Reached skill level 13 in Long Blades
  5015 | D:6      | Reached **** piety under Trog
  5123 | D:6      | Found a shimmering altar of Xom.
  5485 | D:6      | Reached XP level 9. HP: 62/70 MP: 8/8
  5880 | D:7      | Reached skill level 14 in Long Blades
  5899 | D:7      | Found a shadowy altar of Dithmenos.
  6123 | D:7      | Killed an unseen horror
  6123 | D:7      | Reached skill level 15 in Long Blades
  6303 | D:7      | Found a burning altar of Makhleb.
  6641 | D:8      | Reached skill level 16 in Long Blades
  6721 | D:8      | Paralysed by a hornet for 1 turns
  6936 | D:8      | Reached ***** piety under Trog
  7571 | D:8      | Noticed a two-headed ogre
  7579 | D:8      | Killed a two-headed ogre
  7579 | D:8      | Reached XP level 10. HP: 62/76 MP: 9/9
  7876 | D:8      | Got a distressingly furry plate armour
  7887 | D:8      | Identified the cursed +1 plate armour of a sewer {rF++ Int-5} (You took it off an orc on level 8 of the Dungeon)
  7887 | D:8      | Lost intelligence.
  7962 | D:8      | Lost intelligence.
  7969 | D:8      | Found an ornate altar of the Wu Jian Council.
  8092 | D:8      | Noticed Grum
  8098 | D:8      | Reached skill level 17 in Long Blades
  8101 | D:8      | Killed Grum
  8161 | D:8      | Noticed Psyche
  8174 | D:8      | Killed Psyche
  8494 | D:8      | Noticed Pikel
  8521 | D:8      | Killed Pikel
  8560 | D:8      | Killed from afar by an electric eel

Vault maps used:
D:1:      elethiomel_arrival_quiet
D:2:      minmay_pentomino_s2, uniq_natasha
D:3:      uniq_sigmund, uniq_grinder, uniq_crazy_yiuf_cottage
D:4:      amethyst_overflow_temple_binary, minmay_temple_entry_overgrown,
          serial_shops, nicolae_shop_overgrown_old_shop, shop,
          nicolae_shop_overgrown_old_shop, uniq_ijyb
D:5:      first_ration, kennysheep_flooded_box, bh_walls_and_bars
D:6:      lemuel_round_altar, bh_chokoban
D:7:      grunt_dithmenos_smoke, makhleb_grotto_becter
D:8:      statuecave_lemuel, lemuel_round_altar, uniq_psyche, uniq_grum,
          uniq_pikel

Skill      XL: |  1  2  3  4  5  6  7  8  9 10 |
---------------+-------------------------------+-----
Long Blades    | 4 5 6 7 8 9 11 13 16 17 | 17.6
Fighting       | |  3.6
Armour         | |  2.4
Dodging        | |  2.1

Action                   |  1- 3 |  4- 6 |  7- 9 | 10-12 || total
-------------------------+-------+-------+-------+-------++-------
Melee: Falchion          |    68 |    70 |   356 |    87 ||   581
       Headbutt          |     9 |    13 |    96 |    20 ||   138
Invok: Berserk           |       |     2 |    10 |     2 ||    14
       Trog's Hand       |       |       |       |     1 ||     1
  Use: Scroll            |       |       |     9 |       ||     9
       Potion            |       |       |       |     2 ||     2
  Eat: Chunk             |     1 |     6 |    19 |     4 ||    30
       Ration            |       |       |     2 |       ||     2
Armor: Leather armour    |    15 |     8 |     6 |       ||    29
       Plate armour      |       |       |   104 |    61 ||   165
       Ring mail         |       |       |     7 |       ||     7
Dodge: Dodged            |    43 |    32 |   112 |    33 ||   220
       Rpst.: Falchion   |    11 |     9 |    25 |    12 ||    57

Table legend:
 A = Spawn XP
 B = Non-spawn XP
 C = Spawn XP percentage of total XP
 D = Spawn monster count
 E = Non-spawn monster count
 F = Spawn count percentage of total count
 G = Total turns spent on level
                    A         B        C        D         E        F      G
               +---------+---------+-------+---------+---------+-------+---------
         Total |       0 |    8310 |   0.0 |       0 |     196 |   0.0 |  8560
               +---------+---------+-------+---------+---------+-------+---------
           D:1 |       0 |      45 |   0.0 |       0 |      27 |   0.0 |   889
           D:2 |       0 |     109 |   0.0 |       0 |      19 |   0.0 |   687
           D:3 |       0 |     936 |   0.0 |       0 |      35 |   0.0 |  1462
           D:4 |       0 |     379 |   0.0 |       0 |      22 |   0.0 |   831
           D:5 |       0 |     845 |   0.0 |       0 |      15 |   0.0 |  1077
           D:6 |       0 |     584 |   0.0 |       0 |      23 |   0.0 |   872
           D:7 |       0 |    1832 |   0.0 |       0 |      25 |   0.0 |   777
           D:8 |       0 |    3580 |   0.0 |       0 |      30 |   0.0 |  1965
               +---------+---------+-------+---------+---------+-------+---------
